General information
			
			
        
        - name: BNet
 
        - type: Ladder team game (AT/RT)
 
        - host: Battle.net
 
        - saver: Sylink
 
        
map: Monsoon 
        - players: 6
 
        - length: 128:58
 
        - speed: Fast
 - version: 1.22 W3XP
 - replay type:  Public
 
» download(683 KB)
Players
        team 1 (loser) 
              
              
lecheR (
yellow | 66 APM | 8499 actions | 128:50)
              
 6 Demon Hunter 
 3 Mana Burn
 2 Evasion
 1 Metamorphosis
 5 Blademaster 
 2 Wind Walk
 2 Critical Strike
 1 Bladestorm
 3 Tauren Chieftain 
 2 Shockwave
 1 Endurance Aura
 3 Pandaren Brewmaster 
 2 Breath of Fire
 1 Drunken Haze
 
                » actions 
                
                | Assign group hotkey | 78 |  | 
| Basic commands | 36 |  | 
| Build / train | 202 |  | 
| Enter build submenu | 60 |  | 
| Enter hero's abilities submenu | 17 |  | 
| Give item / drop item | 6 |  | 
| Remove unit from queue | 2 |  | 
| Right click | 4883 |  | 
| Select / deselect | 1231 |  | 
| Select group hotkey | 1447 |  | 
| Use ability | 537 |  | 
                8499 total
 » units 
                
                | Wisp | 56 |  | 
| Huntress | 3 |  | 
| Archer | 2 |  | 
| Glaive Thrower | 5 |  | 
| Mountain Giant | 8 |  | 
| Dryad | 5 |  | 
| Troll Batrider | 31 |  | 
| Troll Witch Doctor | 5 |  | 
| Raider | 8 |  | 
| Shaman | 12 |  | 
                135 total
 » upgrades
                
                | Strength of the Moon | 1 |  | 
| Vorpal Blades | 1 |  | 
| Nature's Blessing | 1 |  | 
| Strength of the Wild | 3 |  | 
| Reinforced Hides | 3 |  | 
| Abolish Magic | 1 |  | 
| Ranged Weapons | 1 |  | 
| Armor | 2 |  | 
| Witch Doctor Training | 2 |  | 
| Well Spring | 1 |  | 
| Hardened Skin | 1 |  | 
| Resistant Skin | 1 |  | 
| Ensnare | 1 |  | 
| Liquid Fire | 1 |  | 
| Shaman Training | 2 |  | 
| Pillage | 1 |  | 
| Melee Weapons | 1 |  | 
                24 total
 » buildings
                
                | Moon Well | 7 |  | 
| Altar of Elders | 2 |  | 
| Ancient of War | 1 |  | 
| Hunter's Hall | 1 |  | 
| Ancient of Wonders | 3 |  | 
| Tree of Ages | 1 |  | 
| Ancient Protector | 27 |  | 
| Ancient of Lore | 1 |  | 
| Stronghold | 2 |  | 
| Orc Burrow | 4 |  | 
| Tree of Life | 4 |  | 
| Beastiary | 5 |  | 
| Spirit Lodge | 2 |  | 
| Fortress | 2 |  | 
| Great Hall | 2 |  | 
| Tree of Eternity | 1 |  | 
                65 total
 » build order
                00:12 Moon Well
00:21 Altar of Elders
01:16 Ancient of War
01:22 Hunter's Hall
01:40 Moon Well
02:02 Moon Well
02:38 Ancient of Wonders
05:10 Tree of Ages
06:13 Moon Well
08:06 Ancient Protector
09:10 Moon Well
09:18 Moon Well
09:42 Ancient of Lore
12:31 Stronghold
12:45 Ancient Protector
12:50 Ancient Protector
13:47 Orc Burrow
13:54 Orc Burrow
14:34 Tree of Life
14:39 Ancient Protector
15:21 Ancient Protector
15:24 Ancient of Wonders
15:35 Ancient Protector
15:42 Tree of Life
15:47 Beastiary
15:49 Beastiary
15:51 Beastiary
15:57 Beastiary
16:57 Tree of Life
17:42 Ancient Protector
18:53 Ancient Protector
19:34 Spirit Lodge
20:06 Fortress
21:47 Great Hall
21:55 Great Hall
22:11 Ancient Protector
22:19 Ancient Protector
25:37 Tree of Eternity
27:13 Ancient Protector
27:18 Ancient Protector
27:21 Ancient Protector
27:23 Ancient Protector
27:26 Ancient Protector
27:42 Stronghold
29:38 Moon Well
31:27 Fortress
32:57 Ancient Protector
33:05 Ancient Protector
33:17 Ancient Protector
33:56 Beastiary
35:13 Ancient Protector
35:16 Ancient Protector
35:20 Ancient Protector
35:29 Ancient Protector
35:34 Ancient of Wonders
37:05 Tree of Life
37:07 Ancient Protector
37:10 Ancient Protector
38:18 Ancient Protector
38:21 Ancient Protector
38:25 Ancient Protector
40:57 Orc Burrow
41:00 Orc Burrow
44:36 Spirit Lodge
63:22 Altar of Elders
» items
                
                | Boots of Speed | 4 |  | 
| Dust of Appearance | 1 |  | 
| Staff of Teleportation | 1 |  | 
| Orb of Corruption | 1 |  | 
| Scroll of Town Portal | 1 |  | 
| Healing Salve | 2 |  | 
| Orb of Lightning | 1 |  | 
| Scroll of Speed | 1 |  | 
| Lesser Clarity Potion | 1 |  | 
| Scroll of Healing | 1 |  | 
                14 total
  
               
              
              
P1ayer_1 (
orange | 23 APM | 275 actions | 11:52)
              
 2 Blademaster 
 1 Wind Walk
 1 Critical Strike
 
                » actions 
                
                | Assign group hotkey | 4 |  | 
| Build / train | 27 |  | 
| Enter build submenu | 13 |  | 
| Enter hero's abilities submenu | 2 |  | 
| Right click | 108 |  | 
| Select / deselect | 64 |  | 
| Select group hotkey | 24 |  | 
| Use ability | 33 |  | 
                275 total
 » units 
                » upgrades
                » buildings
                
                | Altar of Storms | 1 |  | 
| Orc Burrow | 1 |  | 
| Voodoo Lounge | 1 |  | 
| War Mill | 1 |  | 
| Watch Tower | 12 |  | 
| Great Hall | 1 |  | 
                17 total
 » build order
                00:26 Altar of Storms
00:40 Orc Burrow
01:40 Voodoo Lounge
02:45 War Mill
04:28 Watch Tower
04:31 Watch Tower
05:21 Watch Tower
05:28 Watch Tower
05:41 Watch Tower
06:07 Watch Tower
07:14 Great Hall
07:19 Watch Tower
07:20 Watch Tower
07:22 Watch Tower
07:24 Watch Tower
07:25 Watch Tower
07:26 Watch Tower
» items
                
                | Healing Salve | 2 |  | 
| Lesser Clarity Potion | 4 |  | 
| Scroll of Speed | 2 |  | 
| Circlet of Nobility | 1 |  | 
                9 total
  
               
              
              
TeeeeKs (
red | 83 APM | 10704 actions | 128:52)
              
 8 Death Knight 
 3 Death Coil
 3 Unholy Aura
 1 Death Pact
 1 Animate Dead
 6 Lich 
 3 Frost Nova
 2 Frost Armor
 1 Death and Decay
 6 Crypt Lord 
 3 Impale
 2 Spiked Carapace
 1 Locust Swarm
 
                » actions 
                
                | Assign group hotkey | 116 |  | 
| Basic commands | 638 |  | 
| Build / train | 168 |  | 
| Enter build submenu | 80 |  | 
| Enter hero's abilities submenu | 21 |  | 
| Give item / drop item | 8 |  | 
| Remove unit from queue | 4 |  | 
| Right click | 3583 |  | 
| Select / deselect | 1247 |  | 
| Select group hotkey | 4414 |  | 
| Use ability | 425 |  | 
                10704 total
 » units 
                
                | Acolyte | 23 |  | 
| Ghoul | 2 |  | 
| Crypt Fiend | 9 |  | 
| Obsidian Statue | 11 |  | 
| Frost Wyrm | 11 |  | 
| Troll Witch Doctor | 1 |  | 
                57 total
 » upgrades
                
                | Creature Attack | 3 |  | 
| Creature Carapace | 3 |  | 
| Destroyer Form | 1 |  | 
| Web | 1 |  | 
| Freezing Breath | 1 |  | 
| Reinforced Defenses | 1 |  | 
                10 total
 » buildings
                
                | Graveyard | 2 |  | 
| Crypt | 2 |  | 
| Altar of Darkness | 2 |  | 
| Ziggurat | 37 |  | 
| Tomb of Relics | 4 |  | 
| Nerubian Tower | 10 |  | 
| Halls of the Dead | 2 |  | 
| Black Citadel | 4 |  | 
| Sacrificial Pit | 2 |  | 
| Slaughterhouse | 1 |  | 
| Spirit Tower | 8 |  | 
| Boneyard | 4 |  | 
| Necropolis | 5 |  | 
| Watch Tower | 10 |  | 
                93 total
 » build order
                00:07 Graveyard
00:10 Crypt
00:43 Altar of Darkness
01:00 Ziggurat
01:06 Crypt
01:25 Tomb of Relics
01:55 Ziggurat
02:19 Ziggurat
02:28 Nerubian Tower
02:28 Nerubian Tower
02:29 Nerubian Tower
02:29 Nerubian Tower
04:21 Halls of the Dead
04:51 Ziggurat
06:37 Ziggurat
06:49 Black Citadel
06:52 Sacrificial Pit
08:32 Slaughterhouse
08:47 Spirit Tower
10:11 Boneyard
10:12 Boneyard
11:04 Boneyard
11:29 Ziggurat
11:30 Ziggurat
14:16 Ziggurat
14:57 Necropolis
15:18 Necropolis
16:41 Halls of the Dead
17:10 Ziggurat
19:25 Necropolis
22:00 Ziggurat
22:01 Ziggurat
22:02 Ziggurat
22:04 Ziggurat
22:05 Ziggurat
22:06 Tomb of Relics
22:19 Ziggurat
22:44 Black Citadel
23:21 Spirit Tower
24:12 Ziggurat
25:08 Nerubian Tower
25:10 Ziggurat
26:27 Spirit Tower
27:18 Sacrificial Pit
27:32 Ziggurat
27:34 Ziggurat
38:05 Necropolis
39:41 Necropolis
40:51 Spirit Tower
40:54 Tomb of Relics
41:34 Ziggurat
41:36 Ziggurat
41:38 Ziggurat
41:40 Ziggurat
41:42 Ziggurat
41:43 Ziggurat
41:44 Ziggurat
41:44 Ziggurat
41:47 Ziggurat
41:54 Ziggurat
41:56 Tomb of Relics
41:58 Ziggurat
42:32 Spirit Tower
43:06 Spirit Tower
43:53 Spirit Tower
47:04 Watch Tower
47:06 Watch Tower
47:08 Watch Tower
47:10 Watch Tower
47:12 Watch Tower
47:13 Watch Tower
47:27 Watch Tower
47:30 Watch Tower
47:31 Watch Tower
49:35 Watch Tower
53:04 Boneyard
89:47 Ziggurat
106:47 Ziggurat
106:50 Ziggurat
106:58 Ziggurat
107:14 Ziggurat
107:18 Ziggurat
107:24 Ziggurat
108:48 Graveyard
110:58 Spirit Tower
126:41 Altar of Darkness
» items
                
                | Rod of Necromancy | 6 |  | 
| Dust of Appearance | 2 |  | 
| Potion of Mana | 3 |  | 
| Potion of Healing | 2 |  | 
| Sacrificial Skull | 1 |  | 
| Tome of Retraining | 1 |  | 
| Orb of Corruption | 1 |  | 
| Scroll of Town Portal | 14 |  | 
| Potion of Lesser Invulnerability | 3 |  | 
| Scroll of Protection | 3 |  | 
| Boots of Speed | 1 |  | 
| Scroll of Healing | 3 |  | 
                40 total
  
               team 2 (winner) 
              
              
BO_SCHEMBECHLER (
purple | 55 APM | 7071 actions | 128:53)
              
 5 Blood Mage 
 2 Flame Strike
 2 Siphon Mana
 1 Banish
 4 Paladin 
 2 Holy Light
 2 Divine Shield
 5 Mountain King 
 2 Storm Bolt
 3 Bash
 
                » actions 
                
                | Assign group hotkey | 32 |  | 
| Basic commands | 79 |  | 
| Build / train | 171 |  | 
| ESC pressed | 22 |  | 
| Enter build submenu | 55 |  | 
| Enter hero's abilities submenu | 15 |  | 
| Give item / drop item | 12 |  | 
| Right click | 2803 |  | 
| Select / deselect | 990 |  | 
| Select group hotkey | 2057 |  | 
| Use ability | 834 |  | 
                7071 total
 » units 
                
                | Peasant | 23 |  | 
| Dragonhawk Rider | 33 |  | 
| Gryphon Rider | 12 |  | 
| Sorceress | 1 |  | 
                69 total
 » upgrades
                
                | Masonry | 3 |  | 
| Lumber Harvesting | 2 |  | 
| Cloud | 1 |  | 
| Swords | 3 |  | 
| Magic Sentry | 1 |  | 
| Sorceress Training | 1 |  | 
| Animal War Training | 1 |  | 
| Armor | 3 |  | 
                15 total
 » buildings
                
                | Altar of Kings | 1 |  | 
| Lumber Mill | 2 |  | 
| Farm | 14 |  | 
| Scout Tower | 93 |  | 
| Guard Tower | 32 |  | 
| Arcane Tower | 4 |  | 
| Keep | 1 |  | 
| Arcane Vault | 2 |  | 
| Gryphon Aviary | 2 |  | 
| Town Hall | 1 |  | 
| Castle | 1 |  | 
| Barracks | 1 |  | 
| Blacksmith | 1 |  | 
| Arcane Sanctum | 1 |  | 
| Workshop | 1 |  | 
                157 total
 » build order
                00:05 Altar of Kings
00:09 Lumber Mill
00:30 Farm
01:10 Farm
01:22 Scout Tower
01:43 Scout Tower
01:48 Scout Tower
01:51 Guard Tower
02:10 Guard Tower
02:14 Scout Tower
02:18 Guard Tower
02:42 Scout Tower
02:43 Guard Tower
02:49 Scout Tower
03:06 Scout Tower
03:08 Scout Tower
03:09 Scout Tower
03:14 Guard Tower
03:16 Guard Tower
03:55 Scout Tower
04:17 Scout Tower
04:44 Arcane Tower
05:57 Guard Tower
06:24 Scout Tower
06:25 Scout Tower
06:26 Scout Tower
06:27 Scout Tower
07:23 Keep
07:28 Guard Tower
07:35 Guard Tower
07:51 Guard Tower
08:26 Scout Tower
08:26 Scout Tower
08:27 Scout Tower
08:28 Scout Tower
08:31 Scout Tower
08:32 Scout Tower
08:32 Guard Tower
08:42 Scout Tower
08:46 Scout Tower
08:53 Guard Tower
09:00 Guard Tower
09:13 Guard Tower
10:07 Arcane Vault
10:13 Guard Tower
10:14 Arcane Vault
10:35 Scout Tower
10:36 Scout Tower
10:37 Scout Tower
11:01 Gryphon Aviary
11:07 Guard Tower
11:13 Scout Tower
11:14 Scout Tower
11:15 Scout Tower
11:18 Scout Tower
11:45 Farm
11:49 Guard Tower
11:54 Scout Tower
11:54 Scout Tower
11:58 Scout Tower
11:58 Scout Tower
12:09 Guard Tower
12:14 Guard Tower
13:16 Guard Tower
13:27 Guard Tower
13:33 Scout Tower
13:33 Scout Tower
13:50 Lumber Mill
13:57 Scout Tower
13:58 Scout Tower
14:06 Farm
16:03 Town Hall
16:43 Guard Tower
17:28 Guard Tower
17:42 Farm
17:42 Farm
18:02 Guard Tower
18:08 Castle
20:45 Barracks
20:49 Scout Tower
20:49 Scout Tower
20:50 Scout Tower
20:51 Scout Tower
20:52 Scout Tower
20:53 Scout Tower
20:54 Scout Tower
21:54 Guard Tower
22:29 Blacksmith
22:57 Arcane Sanctum
27:41 Scout Tower
27:42 Scout Tower
27:42 Scout Tower
27:43 Scout Tower
27:43 Scout Tower
27:43 Scout Tower
27:44 Scout Tower
27:44 Scout Tower
27:44 Scout Tower
27:45 Scout Tower
27:45 Scout Tower
27:46 Scout Tower
27:47 Scout Tower
28:33 Arcane Tower
29:29 Arcane Tower
29:47 Arcane Tower
39:35 Gryphon Aviary
39:38 Scout Tower
39:38 Scout Tower
39:39 Scout Tower
40:43 Guard Tower
40:46 Scout Tower
41:43 Guard Tower
44:29 Farm
44:30 Farm
44:30 Farm
44:30 Farm
44:31 Farm
44:31 Farm
44:32 Farm
59:56 Scout Tower
59:56 Scout Tower
59:57 Scout Tower
59:59 Scout Tower
60:02 Scout Tower
60:02 Scout Tower
60:03 Scout Tower
60:04 Scout Tower
60:08 Scout Tower
60:09 Scout Tower
60:11 Scout Tower
60:12 Scout Tower
60:12 Scout Tower
60:13 Scout Tower
60:35 Scout Tower
61:09 Guard Tower
62:22 Scout Tower
62:25 Scout Tower
62:51 Scout Tower
62:52 Scout Tower
63:54 Guard Tower
63:58 Scout Tower
63:59 Scout Tower
64:00 Scout Tower
64:04 Scout Tower
64:04 Scout Tower
64:05 Scout Tower
64:06 Scout Tower
64:09 Scout Tower
64:09 Scout Tower
64:11 Scout Tower
64:12 Scout Tower
64:45 Guard Tower
65:00 Guard Tower
79:16 Guard Tower
85:17 Workshop
» items
                
                | Healing Salve | 1 |  | 
| Lesser Clarity Potion | 2 |  | 
| Periapt of Vitality | 6 |  | 
| Circlet of Nobility | 3 |  | 
| Staff of Teleportation | 3 |  | 
| Boots of Speed | 3 |  | 
| Scroll of Regeneration | 1 |  | 
| Potion of Invisibility | 1 |  | 
| Staff of Sanctuary | 3 |  | 
| Tome of Retraining | 2 |  | 
                25 total
  
               
              
              
Chopstix (
blue | 54 APM | 6930 actions | 128:53)
              
 7 Goblin Alchemist 
 3 Acid Bomb
 3 Chemical Rage
 1 Transmute
 
                » actions 
                
                | Assign group hotkey | 43 |  | 
| Basic commands | 225 |  | 
| Build / train | 215 |  | 
| ESC pressed | 6 |  | 
| Enter build submenu | 60 |  | 
| Enter hero's abilities submenu | 8 |  | 
| Give item / drop item | 6 |  | 
| Remove unit from queue | 3 |  | 
| Right click | 3557 |  | 
| Select / deselect | 991 |  | 
| Select group hotkey | 1155 |  | 
| Use ability | 661 |  | 
                6930 total
 » units 
                
                | Peasant | 20 |  | 
| Sorceress | 5 |  | 
| Mortar Team | 13 |  | 
| Knight | 10 |  | 
| Spell Breaker | 5 |  | 
| Siege Engine | 1 |  | 
| Flying Machine | 1 |  | 
| Priest | 1 |  | 
                56 total
 » upgrades
                
                | Masonry | 3 |  | 
| Lumber Harvesting | 2 |  | 
| Magic Sentry | 1 |  | 
| Sorceress Training | 2 |  | 
| Gunpowder | 3 |  | 
| Flare | 1 |  | 
| Armor | 2 |  | 
| Fragmentation Shards | 1 |  | 
| Swords | 3 |  | 
| Plating | 3 |  | 
| Animal War Training | 1 |  | 
                22 total
 » buildings
                
                | Altar of Kings | 2 |  | 
| Farm | 12 |  | 
| Lumber Mill | 4 |  | 
| Scout Tower | 34 |  | 
| Arcane Tower | 6 |  | 
| Guard Tower | 41 |  | 
| Arcane Vault | 1 |  | 
| Keep | 1 |  | 
| Blacksmith | 1 |  | 
| Arcane Sanctum | 1 |  | 
| Town Hall | 1 |  | 
| Workshop | 2 |  | 
| Castle | 3 |  | 
| Gryphon Aviary | 1 |  | 
| Barracks | 2 |  | 
| Cannon Tower | 1 |  | 
                113 total
 » build order
                00:07 Altar of Kings
00:11 Farm
00:18 Lumber Mill
01:10 Scout Tower
01:35 Farm
01:37 Scout Tower
01:39 Arcane Tower
01:39 Arcane Tower
01:55 Scout Tower
02:22 Arcane Tower
02:24 Scout Tower
02:35 Guard Tower
02:37 Scout Tower
02:49 Scout Tower
02:52 Guard Tower
03:14 Guard Tower
03:15 Guard Tower
03:33 Arcane Vault
03:48 Keep
03:56 Guard Tower
04:16 Scout Tower
04:27 Blacksmith
04:38 Scout Tower
04:46 Guard Tower
05:04 Farm
05:15 Guard Tower
05:17 Scout Tower
05:47 Guard Tower
05:48 Guard Tower
05:52 Scout Tower
06:02 Scout Tower
06:20 Guard Tower
06:36 Arcane Sanctum
06:40 Guard Tower
07:40 Scout Tower
07:42 Scout Tower
07:44 Scout Tower
07:56 Town Hall
08:06 Workshop
08:13 Guard Tower
08:59 Workshop
09:05 Guard Tower
09:56 Farm
10:23 Guard Tower
11:15 Farm
12:20 Lumber Mill
13:32 Scout Tower
13:35 Scout Tower
13:37 Scout Tower
14:07 Castle
14:07 Castle
14:07 Castle
15:08 Guard Tower
18:31 Guard Tower
21:54 Scout Tower
22:30 Guard Tower
22:31 Scout Tower
23:05 Arcane Tower
23:05 Arcane Tower
24:04 Gryphon Aviary
24:20 Barracks
24:25 Barracks
25:22 Scout Tower
25:23 Scout Tower
25:28 Scout Tower
25:29 Scout Tower
25:43 Farm
25:51 Scout Tower
26:00 Lumber Mill
26:22 Guard Tower
26:27 Guard Tower
26:30 Scout Tower
26:31 Scout Tower
26:33 Scout Tower
27:07 Guard Tower
28:31 Scout Tower
28:32 Guard Tower
28:35 Guard Tower
28:36 Guard Tower
28:39 Guard Tower
28:59 Scout Tower
29:01 Guard Tower
29:11 Scout Tower
29:12 Scout Tower
29:14 Scout Tower
29:28 Guard Tower
29:29 Guard Tower
29:40 Lumber Mill
29:46 Guard Tower
29:46 Guard Tower
29:48 Scout Tower
35:38 Farm
36:20 Farm
37:03 Cannon Tower
37:07 Guard Tower
37:09 Arcane Tower
41:41 Farm
70:49 Scout Tower
115:25 Farm
115:29 Altar of Kings
116:29 Farm
116:54 Farm
» items
                
                | Lesser Clarity Potion | 14 |  | 
| Ivory Tower | 17 |  | 
| Potion of Healing | 3 |  | 
| Scroll of Regeneration | 7 |  | 
| Scroll of Town Portal | 16 |  | 
| Healing Salve | 3 |  | 
| Orb of Fire | 1 |  | 
| Staff of Teleportation | 1 |  | 
| Boots of Speed | 1 |  | 
| Potion of Lesser Invulnerability | 1 |  | 
                64 total
  
               
              
              
Sylink (
pink | 71 APM | 9196 actions | 128:58)
              
 9 Blademaster 
 3 Wind Walk
 3 Critical Strike
 1 Bladestorm
 2 Mirror Image
 5 Pandaren Brewmaster 
 3 Breath of Fire
 2 Drunken Brawler
 
                » actions 
                
                | Assign group hotkey | 296 |  | 
| Basic commands | 78 |  | 
| Build / train | 107 |  | 
| ESC pressed | 4 |  | 
| Enter build submenu | 53 |  | 
| Enter hero's abilities submenu | 14 |  | 
| Give item / drop item | 8 |  | 
| Remove unit from queue | 1 |  | 
| Right click | 4813 |  | 
| Select / deselect | 769 |  | 
| Select group hotkey | 2405 |  | 
| Use ability | 648 |  | 
                9196 total
 » units 
                » upgrades
                
                | Ranged Weapons | 2 |  | 
| Armor | 2 |  | 
| Liquid Fire | 1 |  | 
| Reinforced Defenses | 1 |  | 
| Spiked Barricades | 3 |  | 
                9 total
 » buildings
                
                | Altar of Storms | 2 |  | 
| Orc Burrow | 6 |  | 
| War Mill | 1 |  | 
| Voodoo Lounge | 3 |  | 
| Watch Tower | 46 |  | 
| Stronghold | 1 |  | 
| Great Hall | 1 |  | 
| Beastiary | 2 |  | 
| Fortress | 1 |  | 
                63 total
 » build order
                00:02 Altar of Storms
00:03 Orc Burrow
00:42 War Mill
01:32 Voodoo Lounge
02:04 Watch Tower
02:24 Orc Burrow
02:58 Watch Tower
03:37 Watch Tower
04:00 Watch Tower
04:02 Watch Tower
04:55 Watch Tower
05:04 Stronghold
05:29 Watch Tower
05:47 Watch Tower
06:22 Watch Tower
06:38 Orc Burrow
06:44 Great Hall
06:53 Watch Tower
07:45 Beastiary
07:48 Beastiary
08:45 Watch Tower
09:00 Watch Tower
10:05 Watch Tower
11:26 Watch Tower
12:15 Fortress
12:29 Watch Tower
12:30 Watch Tower
12:35 Orc Burrow
13:38 Watch Tower
15:05 Watch Tower
15:14 Watch Tower
15:14 Watch Tower
16:36 Watch Tower
16:36 Watch Tower
18:12 Watch Tower
18:12 Watch Tower
18:13 Watch Tower
18:16 Watch Tower
18:17 Watch Tower
20:07 Watch Tower
20:08 Watch Tower
20:10 Watch Tower
20:11 Watch Tower
20:53 Watch Tower
20:56 Watch Tower
21:29 Watch Tower
21:29 Watch Tower
24:41 Watch Tower
24:42 Watch Tower
24:43 Watch Tower
24:44 Watch Tower
25:35 Watch Tower
25:35 Watch Tower
28:23 Watch Tower
28:23 Watch Tower
28:24 Watch Tower
29:48 Voodoo Lounge
30:57 Watch Tower
34:10 Watch Tower
70:31 Altar of Storms
70:33 Orc Burrow
79:05 Voodoo Lounge
85:40 Orc Burrow
» items
                
                | Boots of Speed | 2 |  | 
| Healing Salve | 6 |  | 
| Lesser Clarity Potion | 4 |  | 
| Scroll of Speed | 1 |  | 
| Potion of Mana | 3 |  | 
| Orb of Lightning | 2 |  | 
| Scroll of Town Portal | 4 |  | 
| Potion of Lesser Invulnerability | 6 |  | 
                28 total
  
                Chat log
          (00:35 / Allies) Sylink: dota would be much better
(00:38 / Allies) Sylink: if the map was bigger
(00:43 / Allies) Chopstix: nein
(00:48 / Allies) Sylink: and had more crazy random shit
(00:56 / Allies) Sylink: and towers
(00:56 / Allies) Chopstix: need dota heros in wc3
(01:12 / Allies) Sylink: they should take out 3 hero limit
(01:51 / Allies) Sylink: 400 bms
(02:06 / Allies) Chopstix: no fun to control that many
(02:10 / Allies) Sylink: mikasa
(02:17 / Allies) Sylink: the only mexican bm
(02:46 / Allies) Sylink: fagbourne
(02:51 / All) Sylink: THE BOURNE IDENTITY
(03:40 / Allies) Sylink: thanks bo
(04:03 / Allies) Chopstix: what hapepend
(04:12 / Allies) Sylink: he saved my towe
(04:22 / Allies) Sylink: killed 6 wisp
(04:31 / Allies) Chopstix: killed dh
(04:40 / Allies) BO_SCHEMBECHLER: bm on our side somewhere
(04:46 / Allies) Sylink: bm is huge fag
(06:14 / Allies) BO_SCHEMBECHLER: red
(07:35 / Allies) Sylink: how can that faggot see me
(08:21 / Allies) Sylink: wtfff
(08:28 / Allies) Sylink: HOW CAN THESE NIGGERS  SEE
(10:17 / Allies) Chopstix: he needs help
(10:19 / Allies) Sylink: k
(10:21 / Allies) Sylink: see what i can
(10:23 / Allies) Sylink: do
(10:45 / Allies) Chopstix: working on invis morts
(11:35 / Allies) Sylink: its a party out here
(11:39 / All) Sylink: Player_L
(11:43 / All) Sylink: D
(11:48 / All) Sylink: D
(11:49 / All) Chopstix: try to play some noobs
(11:52 / All) Sylink: D
(12:40 / Allies) Chopstix: invis mort soon
(13:27 / Allies) Sylink: gl
(13:34 / Allies) Sylink: will bat soon
(13:46 / Allies) Sylink: hit th eorc
(13:54 / Allies) Chopstix: wyrms at red
(13:56 / Allies) Chopstix: wanna get red
(14:05 / Allies) Sylink: in upkeep
(14:09 / Allies) Sylink: gl
(14:19 / Allies) Sylink: good thing i hit tier3 hour ago
(14:23 / Allies) Sylink: lmao??
(14:29 / Allies) Sylink: god sped
(14:46 / Allies) Sylink: u got
(14:51 / Allies) Sylink: worth it
(14:52 / Allies) Sylink: i guess
(15:00 / Allies) Sylink: sending bat into position
(15:24 / Allies) Sylink: bat 2
(15:25 / Allies) Sylink: the batting
(15:45 / Allies) Sylink: mgs
(16:01 / Allies) Sylink: NO SHITTY BATS
(16:02 / Allies) Sylink: FUCK
(16:15 / Allies) Sylink: GOD
(16:20 / Allies) Sylink: WHAT THE FUCK IS THIS AI
(16:30 / Allies) Sylink: they towered ps
(17:04 / Allies) Sylink: gl
(17:30 / Allies) Sylink: neg
(17:31 / Allies) Sylink: neg
(17:32 / Allies) Sylink: NEG
(17:56 / Allies) Sylink: creeps imba
(18:28 / Allies) Chopstix: shades and wards
(18:34 / Allies) Sylink: i crept bottom red
(18:35 / Allies) Chopstix: clear?
(18:37 / Allies) Sylink: no
(18:41 / Allies) Sylink: only got item guy
(18:51 / Allies) Chopstix: we have to play for long run going to tower that
(19:03 / Allies) BO_SCHEMBECHLER: is this warded?
(19:11 / Allies) Chopstix: which one?
(19:14 / Allies) Sylink: assume everything is
(19:19 / Allies) Chopstix: yes
(19:20 / Allies) Chopstix: shades
(19:25 / Allies) BO_SCHEMBECHLER: k
(19:35 / Allies) Sylink: sending t team
(19:39 / Allies) Chopstix: wont stop me ill make them tp at least
(20:28 / Allies) Sylink: helpin
(20:34 / Allies) Sylink: ugh nigger
(20:50 / Allies) Sylink: R U KIDDING ME
(21:01 / Allies) Sylink: mh
(21:17 / Allies) Sylink: level that shit
(21:36 / Allies) Sylink: they coming from behind
(22:43 / Allies) Sylink: bats are dumbest unit in game
(23:04 / Allies) Sylink: check
(23:09 / Allies) Chopstix: kill that jackass pelaes
(23:35 / Allies) Sylink: owned
(23:56 / Allies) Sylink: get gryphs or something
(24:12 / Allies) Chopstix: ill get knights
(25:02 / Allies) Sylink: these guys are faggots
(25:04 / Allies) Chopstix: wait for knights and dhawk
(25:08 / Allies) Chopstix: we need to take it together
(25:49 / Allies) Sylink: gryphon would be goo dbase hitter
(26:04 / Allies) Chopstix: spider killer
(26:40 / Allies) Sylink: ud down here
(26:46 / Allies) Chopstix: where
(28:53 / Allies) Sylink: flareee
(29:08 / Allies) Sylink: what
(29:24 / Allies) Chopstix: come here defend
(29:26 / Allies) Sylink: prepare for assault
(30:00 / Allies) Sylink: cant really help
(30:52 / Allies) Sylink: bo
(30:54 / Allies) Sylink: do you have units
(31:05 / Allies) BO_SCHEMBECHLER: Define units
(31:15 / Allies) Sylink: not peasants
(31:22 / Allies) Sylink: or heros
(31:35 / Allies) Sylink: orc tower wall
(32:47 / Allies) Chopstix: copming
(32:47 / Allies) Sylink: orc bats gone
(33:07 / Allies) Sylink: ROFL
(33:15 / Allies) Sylink: oj bm dead
(33:32 / Allies) Chopstix: we can tkae that
(33:49 / Allies) Sylink: lmaooo
(34:05 / All) Sylink: you guys are horrid
(34:22 / Allies) Chopstix: get ward please
(34:32 / Allies) Chopstix: we can tkae this
(34:50 / Allies) Chopstix: b
(34:50 / Allies) Chopstix: b
(35:22 / Allies) Chopstix: want to try to take that TOGEHTER?
(35:24 / Allies) Chopstix: this time
(35:25 / Allies) Sylink: nah
(36:00 / All) Sylink: Keep tping
(36:08 / Allies) Sylink: i love suicide
(36:13 / Allies) Sylink: and how it sucks
(37:10 / Allies) Sylink: sending yatt
(37:15 / Allies) Sylink: bs
(37:20 / Allies) Sylink: evrytime
(37:37 / Allies) Chopstix: we can
(37:41 / Allies) Chopstix: take that shit
(37:43 / Allies) Chopstix: they are tping again
(37:47 / Allies) Sylink: neg
(37:54 / Allies) BO_SCHEMBECHLER: loooooooooooooooooooooool
(37:55 / Allies) Chopstix: they are taking it
(37:56 / Allies) Sylink: can you stop losing entire army
(38:02 / Allies) Chopstix: wtf
(38:04 / Allies) Chopstix: why did you not leave
(38:17 / Allies) Sylink: move
(38:23 / Allies) Chopstix: no not yet
(38:25 / Allies) Chopstix: we need dhawks
(38:46 / Allies) Sylink: get out of here
(38:58 / Allies) Sylink: nice tps
(39:11 / Allies) Chopstix: we can get in there
(39:11 / Allies) Sylink: WTF PANDA
(39:14 / Allies) Sylink: WHY IS HERE THERE
(39:14 / Allies) Chopstix: with armies
(39:30 / Allies) Chopstix: i have 9 knights
(39:36 / Allies) Chopstix: rape spiders and 
(39:39 / Allies) Chopstix: raide
(40:11 / Allies) Sylink: they are in upkeep
(40:46 / All) lecheR: keep TPing
(40:51 / Allies) Chopstix: we need
(40:54 / Allies) Chopstix: dhawks
(40:56 / Allies) Chopstix: where did all it go
(41:00 / Allies) Sylink: tell bo to stop sucking
(41:04 / Allies) Chopstix: b
(41:05 / Allies) Chopstix: bo
(41:07 / Allies) Chopstix: BRING THE DHAWKS
(41:10 / Allies) Chopstix: lets kill thier army
(41:43 / Allies) Sylink: want to go
(41:44 / Allies) Sylink: lets go
(41:51 / Allies) Chopstix: are we going togehter
(41:52 / Allies) Chopstix: dhawks here?
(41:55 / Allies) Sylink: im with you
(41:57 / Allies) Sylink: you have my sword
(41:58 / Allies) Chopstix: we can take them on if we go TOGETHER
(42:12 / Allies) Sylink: to god
(42:19 / Allies) Sylink: and glory
(42:23 / Allies) Sylink: go
(42:26 / All) Chopstix: CHARGE
(42:58 / Allies) Chopstix: dk dead
(43:00 / Allies) Chopstix: dk tp
(43:25 / Allies) Chopstix: im back
(43:27 / Allies) Chopstix: need healingh
(43:46 / All) TeeeeKs: tp more
(43:56 / Allies) Sylink: we can just go afk
(43:58 / Allies) Sylink: really
(43:58 / Allies) Chopstix: get a few gryphons too
(44:04 / Allies) Sylink: they will win as long as we keep attacking
(44:21 / Allies) Chopstix: we almost had thier army
(44:26 / Allies) Sylink: no we didnt
(44:29 / Allies) Sylink: ud came back with full shit
(44:32 / Allies) Sylink: tri hero ud broken
(44:47 / Allies) Sylink: ud imba ok
(44:57 / Allies) Chopstix: so
(45:11 / Allies) Sylink: not much i can do against unkillable race
(45:14 / Allies) Chopstix: need gryphon for hero nuke
(45:25 / Allies) Sylink: make tanks
(45:27 / Allies) Sylink: and knights
(45:28 / Allies) Chopstix: we can kill that
(45:36 / Allies) Sylink: gryphon will just ge batted
(45:37 / Allies) Chopstix: making morts instead
(45:44 / Allies) Sylink: morts die to ud nuke instantly
(45:51 / Allies) Sylink: hawks and knights
(45:54 / Allies) Sylink: would be better even
(46:28 / Allies) Chopstix: im going to bring poly too
(46:35 / Allies) Sylink: voted sit here
(46:37 / Allies) Sylink: for 3 hours
(46:40 / Allies) Sylink: they are in upkeep
(46:44 / Allies) Chopstix: lets take out thier base then
(46:44 / Allies) Sylink: let them try and break this shit
(46:51 / Allies) Sylink: going to harass rest of game with bstorm
(47:01 / Allies) Chopstix: k
(47:03 / Allies) Chopstix: im harassing
(47:08 / Allies) Chopstix: need level 6
(47:15 / Allies) Chopstix: red is not in upkeep though
(47:15 / Allies) Sylink: transmute would be nice
(47:22 / Allies) Sylink: he has to be
(47:23 / Allies) Sylink: 3 heroes
(47:26 / Allies) Sylink: 2 wyrms
(47:27 / Allies) Sylink: at least
(47:32 / Allies) Sylink: and w/e worker
(47:37 / Allies) Sylink: plus rnadom fiend
(47:46 / Allies) Sylink: hahahaha
(47:47 / Allies) Sylink: fuck this game
(47:48 / Allies) Chopstix: lets rape
(47:50 / Allies) Sylink: see this
(47:54 / Allies) Sylink: hit b
(47:57 / Allies) Sylink: accidentally
(48:11 / Allies) Sylink: you arent hitting shit
(48:13 / Allies) Sylink: they will just tp dude
(48:20 / Allies) Chopstix: make them waste
(48:33 / Allies) Sylink: empty min elol
(48:40 / Allies) Sylink: dead
(48:48 / Allies) Chopstix: im going there
(48:55 / Allies) Sylink: stop
(48:57 / Allies) Sylink: dying
(49:06 / Allies) Sylink: 4 wyrms 
(49:10 / Allies) Sylink: guy is in upkeep
(49:29 / Allies) Sylink: they are going to wave abuse
(49:32 / Allies) Sylink: what a bunch of niggers
(49:49 / Allies) Chopstix: can you go on a mission with bm
(49:51 / Allies) Chopstix: kill wards
(49:53 / Allies) Sylink: no
(49:55 / Allies) Sylink: pointless
(49:59 / Allies) Sylink: map too small
(50:02 / Allies) Sylink: wards infinite
(50:18 / Allies) Sylink: we are done offensively
(50:28 / Allies) Sylink: have to wait for them to kill selves
(50:30 / Allies) Sylink: on towers
(50:40 / Allies) Sylink: but they are just going to bof and wave our tower sdown
(51:18 / Allies) Sylink: hawk wyrms
(53:14 / Allies) Sylink: see
(53:16 / Allies) Sylink: they lost more
(53:17 / Allies) Sylink: io
(53:34 / Allies) Chopstix: bo is alamo then
(53:48 / Allies) Chopstix: 8k
(53:52 / Allies) Sylink: 9.4
(53:59 / Allies) Chopstix: thier mine has 8k left
(54:06 / Allies) Sylink: prayer circle
(54:48 / Allies) Sylink: they cant micro in towers
(55:01 / Allies) Sylink: reveal
(55:31 / Allies) Sylink: again lmao
(56:33 / Allies) Sylink: dk died
(57:00 / Allies) Sylink: victory
(57:11 / Allies) Sylink: dk and lich died
(57:12 / Allies) Sylink: tc
(57:13 / Allies) Sylink: and panda
(57:19 / Allies) Sylink: and many wyrm
(57:33 / Allies) Chopstix: purchased
(57:36 / Allies) Sylink: should i bstorm altar
(57:41 / Allies) Sylink: purchase is good
(57:44 / Allies) Sylink: uses million gold
(57:44 / Allies) Chopstix: they bought at merc
(57:47 / Allies) Chopstix: i should destroy my base
(57:52 / Allies) Sylink: why
(57:59 / Allies) Chopstix: just exp for them
(57:59 / Allies) Chopstix: well
(58:02 / Allies) Chopstix: im going to make breakers
(58:03 / Allies) Chopstix: for anti hero
(58:04 / Allies) Sylink: destroy what isnt a tower
(58:15 / Allies) Chopstix: no they buy us time
(58:22 / Allies) Sylink: i got nothing but
(58:39 / Allies) Sylink: workship mika
(58:51 / Allies) Sylink: worship my blade
(59:12 / Allies) Sylink: again lol
(59:15 / Allies) Sylink: dont fight this time
(59:17 / Allies) Sylink: not enough towers imo
(59:17 / Allies) Chopstix: level 56
(59:30 / Allies) Chopstix: its lost
(59:31 / Allies) Chopstix: bye bye
(59:38 / Allies) Sylink: abandon ship
(60:18 / Allies) Chopstix: dont block paths bo
(60:25 / All) TeeeeKs: wana leave now ??
(60:28 / All) Sylink: you can
(60:34 / All) Sylink: still 2000 tower to go
(60:46 / All) lecheR: u get no respect for this shit
(60:56 / All) Sylink: respect on the internet what kind of nigger are you
(61:20 / Allies) Sylink: level 3 spikes comin up
(61:27 / Allies) Sylink: bow
(61:28 / Allies) Sylink: bo
(61:34 / Allies) Sylink: put half of your hawks somehwere safe
(61:40 / Allies) Sylink: he doesn thave that many wyrm
(62:15 / Allies) Sylink: polo an dmikasa figh ton
(62:35 / Allies) Chopstix: what can i kill for ez exp
(62:43 / Allies) Sylink: yourself
(63:02 / Allies) Sylink: nice
(63:09 / Allies) Sylink: microing tower fo ryou
(63:46 / Allies) Sylink: shitload of bat
(63:50 / Allies) Sylink: watch the hawk snext time
(63:58 / Allies) Sylink: sending counter bat
(63:59 / Allies) Chopstix: ya gj with hawk
(64:31 / Allies) Chopstix: dont spend all your money bo
(64:38 / Allies) Sylink: only repair
(64:38 / Allies) Chopstix: i can acid bomb those shades
(64:40 / Allies) Sylink: you have enough tower
(65:00 / Allies) Sylink: or you can die
(65:09 / Allies) Sylink: reveal all
(65:11 / Allies) Sylink: where are bats
(65:21 / Allies) Chopstix: they therei think
(65:47 / Allies) Sylink: dont shackle too far out
(65:50 / Allies) Sylink: bat wave will come
(66:02 / Allies) Sylink: please move half of your hawk away
(66:03 / Allies) Sylink: seiroulsy
(66:22 / Allies) Chopstix: mneed stun
(66:34 / Allies) Sylink: no 
(66:40 / Allies) Sylink: i menat leave half hawk behind your towers
(67:12 / Allies) Chopstix: bats
(68:38 / Allies) Sylink: dead dh
(69:10 / Allies) Sylink: dh and yellow panda and tc died
(69:19 / Allies) Sylink: ive spent 2k on this whole war thing
(69:21 / Allies) Chopstix: panda didnt die it hink, it left with 20 health
(69:25 / Allies) Sylink: transmute will be gg
(69:27 / Allies) Sylink: i sniped him
(69:28 / Allies) Sylink: i chased
(69:44 / Allies) Chopstix: ok
(69:48 / Allies) Chopstix: using tank to tkae out buildings
(69:52 / Allies) Sylink: he may not have an alatar right now
(70:52 / Allies) Chopstix: crap no vision here
(71:02 / Allies) Sylink: they are running out of money
(71:06 / Allies) Sylink: notice lack of new units
(71:26 / Allies) Sylink: shitty ne hero back
(71:36 / Allies) Sylink: mgs kind of annoying too
(72:13 / Allies) Sylink: try to focus wyrm
(72:27 / Allies) Sylink: bo
(72:33 / Allies) Sylink: back up to main tower brick
(72:37 / Allies) Sylink: by my panda
(72:45 / Allies) Chopstix: 293 exp till 6
(72:50 / Allies) Sylink: gl
(73:58 / Allies) Chopstix: al;most 6
(74:44 / Allies) Sylink: success
(74:50 / Allies) Sylink: all orc heroes and ne died
(74:58 / Allies) Sylink: tower micro wins again
(75:14 / Allies) Chopstix: so very close to 6
(75:17 / Allies) Sylink: god you need transmute
(75:20 / Allies) Sylink: can you trans mgs
(75:26 / Allies) Chopstix: yup
(75:38 / Allies) Sylink: i think magic hide or w/e stops it doesn tit
(75:44 / Allies) Chopstix: NOPE
(76:01 / Allies) Sylink: ud broken
(76:06 / Allies) Sylink: tbqh
(76:10 / Allies) Chopstix: fuck
(76:11 / Allies) Chopstix: 31 exp
(76:12 / Allies) Sylink: nuke lich first
(76:12 / Allies) Sylink: fyi
(76:21 / Allies) Chopstix: goping to kill that
(76:28 / Allies) Sylink: dont lose hero 
(76:53 / Allies) Sylink: ud main less protected imo
(77:00 / Allies) Chopstix: just want exp
(77:19 / Allies) Sylink: gtfo
(77:31 / Allies) Sylink: transmute these god dam things
(77:41 / Allies) Sylink: wyrms would be better first actually
(77:45 / Allies) Chopstix: yup
(77:47 / Allies) Sylink: we can deal with mgs
(77:51 / Allies) Chopstix: mgs little more exp thopugh
(78:07 / Allies) Chopstix: wher eare they
(78:28 / Allies) Chopstix: golds out
(78:32 / Allies) Sylink: been out
(78:50 / Allies) Sylink: abandoning
(79:21 / Allies) Chopstix: ah
(79:27 / Allies) Chopstix: resistant skin cant tmute for real
(79:31 / Allies) Sylink: thought so
(79:32 / Allies) Sylink: get the wyrms
(79:38 / Allies) Chopstix: destroying towers
(79:42 / Allies) Sylink: k
(79:51 / Allies) Sylink: it was a good base
(80:09 / Allies) Sylink: carefeul
(80:18 / Allies) Sylink: lmao
(80:22 / Allies) Sylink: how much is a wyrm anyway
(80:34 / Allies) Chopstix: randomish,but about 168 that time
(80:42 / Allies) Sylink: it has low cd as well
(80:52 / Allies) Chopstix: extremeley low
(80:57 / Allies) Sylink: can you make two hawks
(80:57 / Allies) Sylink: bo
(81:03 / Allies) Sylink: and nuke lich first
(81:24 / Allies) Sylink: rofl
(81:40 / All) Chopstix: all, motherfucking, day
(81:42 / Allies) Sylink: off to bstorm some buildings
(81:47 / Allies) Chopstix: glk
(81:53 / Allies) Sylink: i hate the ne base ok
(82:03 / Allies) Chopstix: they hit back and shit
(82:06 / All) lecheR: we're. proud. of. you.
(82:20 / Allies) Sylink: ne altar dead
(82:21 / Allies) Chopstix: yellow tp
(82:31 / Allies) Sylink: a bm shows up lol
(82:42 / Allies) Sylink: aclehmist is fast
(82:51 / Allies) Chopstix: verily
(83:06 / Allies) Sylink: so
(83:15 / Allies) Sylink: all wyrms gone lmao?
(83:19 / Allies) Chopstix: ran
(83:22 / Allies) Chopstix: 2 left
(83:29 / Allies) Sylink: waiting for ud to sell off huge base
(83:57 / Allies) Sylink: get speed scrolls
(84:00 / Allies) Sylink: from orc shop
(84:05 / Allies) Sylink: escape for less
(84:17 / Allies) Chopstix: just need to take out bases now
(84:28 / Allies) Sylink: oh nos
(84:41 / Allies) Sylink: back up igga
(85:07 / Allies) Sylink: make a few cannon towers
(85:16 / Allies) Sylink: ahaha
(85:18 / Allies) Chopstix: na
(85:19 / Allies) Chopstix: we are good
(85:45 / Allies) Chopstix: i take ur mana
(87:03 / Allies) Sylink: laffin
(87:40 / Allies) Sylink: ow
(87:56 / Allies) Sylink: should be able to trans heroes imo
(88:03 / Allies) Chopstix: they will chainwave
(88:05 / Allies) Chopstix: to stun
(88:12 / Allies) Chopstix: or banaish
(88:51 / Allies) Sylink: roflllll
(89:04 / Allies) Sylink: 2 wyrms
(89:19 / Allies) Chopstix: ill get em
(89:20 / All) Sylink: why you wasting 2 wyrms just sitting there
(89:20 / Allies) Chopstix: try to sneak
(89:23 / Allies) Sylink: not worht it yet
(89:27 / Allies) Sylink: too many tower
(89:36 / Allies) Chopstix: ill get it and tp
(90:03 / Allies) Sylink: yellow is pure refelxes
(90:12 / Allies) Sylink: haha
(90:24 / Allies) Sylink: nice try i guess
(90:26 / Allies) Chopstix: i cant get in
(90:31 / Allies) Sylink: thats what she said
(90:40 / Allies) Chopstix: so sh ewas fisting you
(90:54 / Allies) Sylink: happens
(91:51 / Allies) Sylink: they know they cant attack the tower
(91:54 / Allies) Sylink: waiting for us to fuck up
(92:40 / Allies) Sylink: almost gone
(93:27 / All) Sylink: you lose get out ty
(93:44 / All) Sylink: im going to make dinner have fun guys
(94:30 / Allies) Chopstix: close
(94:31 / Allies) Sylink: brb batthroom
(95:33 / Allies) Sylink: back
(95:59 / Allies) Chopstix: gay
(96:02 / Allies) Chopstix: shade isnt worth anything
(96:10 / All) Sylink: keep circling the towers you might find a weak spot
(96:26 / All) lecheR: proud of this strat
(96:33 / All) lecheR: go make ur fuckin dinner e-tard
(96:37 / All) Sylink: i am
(96:43 / All) Chopstix: uh, its claled r tard thank you
(96:45 / All) Sylink: thats how much work I have to do
(97:39 / All) Sylink: how is that gold working out
(97:54 / Allies) Chopstix: 429
(97:58 / Allies) Sylink: for what
(98:02 / Allies) Chopstix: gold
(98:13 / Allies) Sylink: opening for you
(98:15 / Allies) Chopstix: nothing left to tmute now
(98:23 / Allies) Chopstix: oohh thanks
(99:05 / All) TeeeeKs: mh more noobs
(99:19 / All) Sylink: i dont think you can see our twenty arcane towers back here
(99:37 / All) Sylink: gg please leave
(99:44 / All) lecheR: U first
(99:46 / All) Chopstix: what does mh mean
(99:56 / All) Sylink: you see
(100:02 / All) Sylink: i will kill your base over the next 12 hours
(100:08 / All) Sylink: you will not destroy 1 of our buildings
(100:15 / All) TeeeeKs: ok u know wat i was gonna leave but now im not gl wit killin my base
(100:47 / Allies) Chopstix: now they spamming me lol
(101:02 / Allies) Chopstix: took a piss
(101:05 / Allies) Chopstix: couldve killed that bm
(101:26 / Allies) Chopstix: hey
(101:27 / Allies) Chopstix: bo
(101:30 / Allies) Chopstix: invis the bm
(101:34 / Allies) Chopstix: get him some exp
(101:45 / Allies) Chopstix: nm
(101:48 / Allies) Chopstix: red heros there
(101:52 / Allies) Sylink: i like the two mains
(102:07 / Allies) Chopstix: let me mtue the ghoul
(102:12 / Allies) Chopstix: more spamming
(102:49 / Allies) Chopstix: rofl
(103:23 / Allies) Chopstix: he was like
(103:31 / Allies) Sylink: is he going to report us
(103:36 / Allies) Chopstix: you suck clan towa /w chopstix you suck clan towa /w chopstix  you suck clan towa!
(104:40 / Allies) Chopstix: shade and tri hero there
(104:41 / Allies) Sylink: ud heroes
(104:45 / Allies) Sylink: lmao
(104:57 / Allies) Sylink: sold 
(104:58 / Allies) Chopstix: starting to unsummon
(105:04 / Allies) Chopstix: mute the peons
(105:18 / Allies) Chopstix: wait
(105:22 / Allies) Chopstix: he does have 2 halls
(105:25 / Allies) Chopstix: i thought you were joking
(105:26 / Allies) Sylink: they all did
(105:30 / Allies) Sylink: ud guy does too
(105:38 / Allies) Chopstix: rofl
(106:21 / Allies) Chopstix: bo
(106:23 / Allies) Chopstix: where is your name from
(106:54 / Allies) Chopstix: they are going for it
(107:06 / Allies) Sylink: laff
(107:37 / Allies) Sylink: get panda
(107:45 / Allies) Chopstix: b
(107:54 / Allies) Chopstix: b
(107:54 / Allies) Chopstix: b
(107:54 / Allies) Chopstix: b
(108:04 / Allies) Sylink: get em
(108:06 / Allies) Sylink: got panda
(108:10 / Allies) Chopstix: nice
(108:21 / Allies) Chopstix: you need staff on bm
(108:22 / All) Sylink: OH NOS
(108:50 / Allies) Sylink: is tc dead
(108:53 / Allies) Sylink: or what
(109:52 / Allies) Chopstix: bo you could flamestrike buildings and staff out
(112:26 / Allies) Sylink: stun dk again
(113:12 / Allies) Chopstix: ward
(113:16 / Allies) Chopstix: ward
(113:17 / Allies) Chopstix: WARSD
(113:26 / Allies) Chopstix: rofl
(113:27 / Allies) Chopstix: imba
(113:27 / Allies) Sylink: gayed
(113:33 / Allies) Chopstix: rofl
(113:48 / All) Chopstix: WTF
(113:51 / Allies) Chopstix: these buildings
(113:55 / All) Chopstix: these buildings
(113:56 / All) Chopstix: have spikes
(113:57 / All) Chopstix: on them
(113:58 / All) Chopstix: they hurt
(115:20 / Allies) Chopstix: darn
(115:28 / Allies) Sylink: how did yo managed that
(115:35 / Allies) Chopstix: was talking to roommate
(116:24 / Allies) Chopstix: gold please
(116:27 / Allies) Sylink: going to storm shop
(116:41 / Allies) Sylink: dont die again
(116:59 / Allies) Chopstix: yes masha
(117:20 / Allies) Sylink: wow this game sucks dicdks
(117:23 / Allies) Chopstix: \where
(117:27 / Allies) Sylink: did you know that
(117:31 / Allies) Chopstix: i told you
(117:39 / Allies) Sylink: tower ballistics are dumb
(117:42 / Allies) Chopstix: there is a ward
(117:43 / Allies) Chopstix: at thier base
(117:46 / Allies) Sylink: projectile gains momentum
(117:48 / Allies) Sylink: the fuck is that
(118:07 / Allies) Sylink: his gay shop is gone
(118:43 / Allies) Chopstix: wtf
(118:46 / Allies) Chopstix: how does your hero res faster
(118:47 / Allies) Chopstix: than mine
(119:46 / Allies) Sylink: we could try nuking the dk
(119:48 / Allies) Sylink: thats all i got
(119:48 / Allies) Chopstix: get ur own mana
(119:55 / Allies) Chopstix: i say
(119:56 / Allies) Chopstix: ne heros first
(120:24 / Allies) Sylink: wyrm
(120:25 / Allies) Sylink: mute
(121:09 / Allies) Sylink: out
(121:32 / Allies) Sylink: gj
(122:02 / Allies) Chopstix: seriously why did the bring the wyrm oyut
(122:07 / Allies) Chopstix: so stupid
(123:28 / Allies) Sylink: gotta nuke dk
(125:57 / Allies) Chopstix: rofl
(126:01 / Allies) Chopstix: banish
(126:01 / Allies) Sylink: hahaha
(126:06 / All) Chopstix: MG ALONE
(126:25 / Allies) Chopstix: nice idea
(127:16 / Allies) Chopstix: 300 gold please
(127:30 / All) Sylink: gg
(127:39 / Allies) Chopstix: gold please
(127:44 / Allies) Chopstix: rofl
(127:45 / Allies) Chopstix: nice
(128:17 / Allies) Chopstix: bringing dhawk
(128:31 / All) Sylink: good thing i have 4000 gold still
(128:51 / All) TeeeeKs: thats howmuch i gave ur mom for 1 blowjob